 Dungeon Crawl Stone Soup version 0.29.1-14-g9c671dbff4 (webtiles) character file.

Game seed: 16951904330787399732

1 leafyfresh the Sneak (level 1, 0/16 HPs)
             Began as an Octopode Delver on Feb 14, 2023.
             Slain by a bat (1 damage)
             ... on level 3 of the Dungeon.
             The game lasted 00:03:47 (412 turns).

leafyfresh the Sneak (Octopode Delver)               Turns: 412, Time: 00:03:47

Health: 0/16       AC:  1    Str: 11    XL:     1   Next: 20%
Magic:  1/1        EV: 13    Int: 12    God:
Gold:   19         SH:  0    Dex: 13    Spells: 0/0 levels left

rFire   . . .      SeeInvis .   a - +0 short sword
rCold   . . .      Faith    .   (no shield)
rNeg    . . .      Spirit   .   (helmet restricted)
rPois   .          Reflect  .   (no amulet)
rElec   .          Harm     .   (no ring)
rCorr   .          Rampage  .   (no ring)
Will    .....                   (no ring)
Stlth   ++++......              (no ring)
HPRegen 0.05/turn               (no ring)
MPRegen 0.07/turn               (no ring)
                                (no ring)
                                (no ring)

@: no status effects
A: almost no armour, amphibious, 8 rings, camouflage 1, gelatinous body 1,
(nimble swimmer 1), tentacles
a: no special abilities


You were on level 3 of the Dungeon.
You visited 1 branch of the dungeon, and saw 3 of its levels.

You collected 19 gold pieces.

Inventory:

Hand Weapons
 a - a +0 short sword (weapon)
Wands
 d - a wand of paralysis (8)
 f - a wand of digging (3)
Scrolls
 b - a scroll of fog
 c - a scroll of magic mapping
Potions
 e - 2 potions of haste
 h - a potion of curing {unknown}


   Skills:
 + Level 3.0 Fighting
 + Level 2.0 Short Blades
 + Level 2.0 Dodging
 + Level 6.6 Stealth


You couldn't memorise any spells.
You didn't know any spells.
Your spell library contained the following spells:

 Spells                   Type           Power      Damage    Failure   Level
 Blade Hands              Tmut           0%         N/A       100%        5
 Iron Shot                Conj/Erth      0%         9d1       100%        6
 Animate Armour           Summ/Erth      Unusable   N/A       N/A         4

Dungeon Overview and Level Annotations

Branches:
Dungeon (5/15)
 Temple: D:4-7

Altars:
Dithmenos
Fedhas
Ru
Uskayaw
The Shining One

Annotations:
D:4 Ijyb


Innate Abilities, Weirdness & Mutations

You cannot wear most types of armour.
You are amphibious.
You can wear up to eight rings at the same time.
Your skin changes colour to match your surroundings (Stealth+).
Your rubbery body absorbs attacks. (AC +1, EV +1)
((You are camouflaged when in or above water. (Stealth+)))
You have tentacles for arms and can constrict up to eight enemies at once.


Message History

A black bear is nearby!
Ijyb the Twisted Goblin comes into view.
She is wielding a +0 dagger and carrying a wand of flame (17).
Ijyb is nearby!
Unknown command.
Unknown command.
The gnoll shouts! x2
The gnoll barely misses you. x2
The gnoll barely misses you.
There is a stone staircase leading up here.
The gnoll closely misses you.
You climb upwards.
The gnoll closely misses you. The gnoll hits you with a +0 whip.
There is a stone staircase leading down, spattered with blood here.
Unknown command.
The gnoll hits you with a +0 whip!
Ouch! That really hurt!
* * * LOW HITPOINT WARNING * * *
As you read the scroll of fear, it crumbles to dust.
You assume a fearsome visage.
The gnoll looks frightened!
Unknown command.
A bat comes into view.
The bat moves out of view.
The kobold throws a stone.
The stone hits you but does no damage.
Found a stone staircase leading up.
An adder comes into view.
Found a sacrificial altar of Ru.
The kobold throws a stone.
The stone misses you. The bat hits you.
* * * LOW HITPOINT WARNING * * *
The bat closely misses you. The bat attacks as you move away!
The bat barely misses you.
An endoplasm comes into view.
The bat hits you but does no damage. The bat attacks as you move away!
The bat misses you.
The endoplasm quivers.
The bat closely misses you.
The kobold throws a stone.
The stone hits you but does no damage. The bat attacks as you move away!
The bat hits you but does no damage. The bat hits you.
You die...

#.#⌠#...#.#.#.#.
...###...#.#
##.......#g#
......#..#K#
##.......#.#
#.###.?.#K#
#.#.......#
#.#...#.#
#.@b.#.#..
#...#...#...
#....#.....#....
###..#.~~~.#S...
....#~...~# ...
###.#~._J~# ..
..#~...~#
..#.~~~.#


You could see an endoplasm, a bat and a kobold.

Vanquished Creatures
  An endoplasm (D:4)
1 creature vanquished.

Vanquished Creatures (others)
  10 fungi (D:4)
  5 plants (D:4)
15 creatures vanquished.

Grand Total: 16 creatures vanquished

Notes
Turn   | Place    | Note
-------+----------+-------------------------------------------
     0 | D:5      | leafyfresh the Octopode Delver began the quest for the Orb.
     0 | D:5      | Reached XP level 1. HP: 16/16 MP: 1/1
    20 | D:4      | Found a blossoming altar of Fedhas.
    43 | D:4      | Found a glowing golden altar of the Shining One.
    89 | D:4      | Noticed a scorpion
   198 | D:4      | Found a shadowy altar of Dithmenos.
   229 | D:4      | Noticed a +0 hand axe
   230 | D:4      | Found a hide-covered altar of Uskayaw.
   230 | D:4      | Noticed a +0 dagger
   315 | D:4      | Noticed a black bear
   345 | D:4      | Noticed Ijyb
   407 | D:3      | Found a sacrificial altar of Ru.
   412 | D:3      | Slain by a bat

Illustrated notes

Levels and vault maps discovered:
D:3:      layout_basic, nicolae_ru_awakened_eye, serial_glass, glass_columns_c,
          glass_columns_b, glass_columns_b, glass_columns_a, glass_columns_a,
          glass_columns_b, glass_columns_b, glass_columns_a,
          due_unseen_surprise, item_on_display_a, feat_on_display,
          minmay_strange_pillars, minmay_cut_off, uniq_terence, uniq_sigmund
D:4:      layout_loops_ring, mainiacjoe_overflow_small_starburst,
          dancing_weapons_uskayaw, fedhas_altar_3,
          nicolae_dithmenos_the_darkroom, uniq_ijyb
D:5:      layout_rooms, mainiacjoe_overflow_tiny_flanked, ebering_ghost_sewer_f,
          serial_shops, shop

Action                   || total
-------------------------++-------
Melee: Short sword       ||     1
  Use: Scroll            ||     2
Armor: Skin              ||     4
Dodge: Dodged            ||    16
